 Dungeon Crawl Stone Soup version 0.27.1-35-g4d5d836560 (webtiles) character file.

Game seed: 9937289222199315270

35 Exodus22XD the Shield-Bearer (level 3, 33/33 HPs)
             Began as a Minotaur Fighter on May 20, 2022.
             Was a Follower of Qazlal.
             Quit the game on level 1 of the Dungeon.
             The game lasted 00:00:34 (492 turns).

Exodus22XD the Shield-Bearer (Minotaur Fighter)      Turns: 492, Time: 00:00:35

Health: 33/33      AC:  7    Str: 21    XL:     3   Next: 16%
Magic:  2/2        EV:  7    Int:  5    God:    Qazlal [*.....]
Gold:   34         SH: 11    Dex:  9    Spells: 2/2 levels left

rFire    . . .     SeeInvis .   a - +0 war axe
rCold    . . .     Faith    .   c - +0 kite shield
rNeg     . . .     Spirit   .   b - +0 scale mail
rPois    .         Reflect  .   (helmet restricted)
rElec    .         Harm     .   (no cloak)
rCorr    .         Rampage  .   (no gloves)
Will     .....                  (no boots)
Stlth    ..........             (no amulet)
HPRegen  0.11/turn              (no ring)
MPRegen  0.08/turn              (no ring)

@: no status effects
A: horns 2, retaliatory headbutt
a: Renounce Religion


You were on level 1 of the Dungeon.
You worshipped Qazlal.
Qazlal was aware of your devotion.
You visited 1 branch of the dungeon, and saw 1 of its levels.

You collected 34 gold pieces.

Inventory:

Hand Weapons
 a - a +0 war axe (weapon)
Armour
 b - a +0 scale mail (worn)
 c - a +0 kite shield (worn)
Scrolls
 f - a scroll of blinking {unknown}
 h - 3 scrolls of teleportation {unknown}
Potions
 d - a potion of might
 e - a potion of curing {unknown}
 g - a potion of flight {unknown}


   Skills:
 + Level 4.1 Fighting
 + Level 2.9 Axes
 + Level 4.0 Armour
 + Level 4.2 Shields


You had 2 spell levels left.
You didn't know any spells.
Your spell library was empty.

Dungeon Overview and Level Annotations

Branches:
Dungeon (1/15)

Altars:
Qazlal


Innate Abilities, Weirdness & Mutations

You have a pair of horns on your head.
You reflexively headbutt those who attack you in melee.


Message History

You see here a ball python corpse.
Found 17 gold pieces.
No target in view!
A bat comes into view.
You block the bat's attack.
A bat is nearby!
You block the bat's attack.
You completely miss the bat. You headbutt the bat.
You kill the bat!
Qazlal accepts your kill.
No target in view!
You now have 34 gold pieces (gained 17).
Found 3 scrolls labelled IXUOLLEHER.
No target in view!
h - 3 scrolls labelled IXUOLLEHER Key pressed, stopping explore.
No target in view!
No target in view!
No target in view!
You see here a rat corpse.
Key pressed, stopping explore.
No target in view!
Key pressed, stopping explore.
No target in view!
No target in view!
No target in view!
Found 3 javelins.
Key pressed, stopping explore.
No target in view!
No target in view!
Done exploring.
No target in view!
Done exploring.
No target in view!
Done exploring.
No target in view!
Done exploring.
No target in view!
Done exploring.
Are you sure you want to abandon this character and quit the game? (Confirm with "yes".)

................#....#.## #.#
.....................#..# #.##
..........#.##..#....##.###..###
(........###.#..#....##........#
..........#(#...#....#########.#
..)......#.###.#..#### #.##
.........##.#..#..# #..#
..................### #####..#
..#..)..........@...# ##...†))#
######..............# ##........
#..............# #.........
#..............# #.........
##########.....# #.........
####### #......... #.........
#......... ##........


There were no monsters in sight!

Vanquished Creatures
  2 dart slugs (D:1)
  2 ball pythons (D:1)
  4 bats (D:1)
  3 endoplasms (D:1)
  2 goblins (D:1)
  A hobgoblin (D:1)
  2 jackals (D:1)
  3 quokkas (D:1)
  3 frilled lizards (D:1)
  2 kobolds (D:1)
  3 rats (D:1)
27 creatures vanquished.

Notes
Turn   | Place    | Note
-------+----------+-------------------------------------------
     0 | D:1      | Exodus22XD the Minotaur Fighter began the quest for the
                  | Orb.
     0 | D:1      | Reached XP level 1. HP: 19/19 MP: 0/0
    67 | D:1      | Reached XP level 2. HP: 26/27 MP: 1/1
   151 | D:1      | Found a faded altar of an unknown god.
   264 | D:1      | Became a worshipper of Qazlal Stormbringer
   264 | D:1      | Reached * piety under Qazlal
   337 | D:1      | Reached XP level 3. HP: 29/33 MP: 2/2
   492 | D:1      | Quit the game

Illustrated notes

Levels and vault maps discovered:
D:1:      eino_arrival_water_star, layout_rooms, basic_ecumenical_altar,
          minmay_tripent

Skill      XL: |  1  2 |
---------------+-------+-----
Shields        | 4 |  4.2
Fighting       | 4 |  4.1
Armour         | 4 |  4.0
Axes           | |  2.9

Action                   || total
-------------------------++-------
Melee: War axe           ||    46
       Headbutt          ||    10
Armor: Scale mail        ||    41
Dodge: Dodged            ||    23
Block: Kite shield       ||    40
